Map: Blackpink LE

Players

Dudley

  • Race: Protoss Protoss
  • League: Platinum
  • Spawn Location: 7:00

samurayx - Winner!

  • Race: Terran Terran
  • League: Platinum
  • Spawn Location: 1:00

VOD

Have the link to the VOD?

Description

Time

  • Played on: Nov. 18, 2017, 2:51 p.m.
  • Length: 9:53
Show
View Real Time Build Order
Export as new Build Order

Dudley Protoss 

Build Orders:  

Get SALT Encoding   

  12  0:02  Probe  
  13  0:16  Probe  
  14  0:28  Probe  
  14  0:29  Pylon  
  15  0:47  Probe (Chrono Boost)  
  16  0:51  Gateway  
  16  0:52  Gateway  
  16  0:59  Probe (Chrono Boost)  
  16  1:01  Assimilator  
  17  1:08  Probe (Chrono Boost)  
  18  1:15  Probe  
  19  1:26  Pylon  
  19  1:27  Probe  
  19  1:32  Assimilator  
  20  1:38  Cybernetics Core  
  20  1:39  Probe  
  21  1:51  Probe  
  22  2:08  Nexus  
  22  2:23  Stalker x2 (Chrono Boost)  
  22  2:26  Probe  
  25  3:00  Stalker (Chrono Boost)  
  25  3:05  Probe  
  30  3:10  Stalker (Chrono Boost)  
  31  3:21  Probe (Chrono Boost)  
  31  3:24  Probe (Chrono Boost)  
  31  3:25  Stalker (Chrono Boost)  
  34  3:32  Probe x2 (Chrono Boost)  
  36  3:36  Stalker, Probe  
  40  3:41  Probe  
  40  3:48  Probe  
  41  3:50  Gateway  
  41  3:59  Stalker  
  43  4:06  Stalker  
  43  4:07  Pylon  
  43  4:08  Probe  
  46  4:21  Pylon  
  46  4:25  Probe x2  
  46  4:28  Stalker  
  50  4:36  Stalker  
  52  4:39  Stalker  
  54  4:56  Pylon  
  54  4:58  Stalker  
  56  5:00  Pylon  
  56  5:06  Stalker  
  58  5:08  Stalker  
  58  5:12  Pylon  
  60  5:22  Probe x2  
  62  5:28  Stalker  
  62  5:35  Warp Gate  
  64  5:41  Stalker x2  
  68  5:58  Stalker  
  68  6:00  Nexus  
  70  6:11  Stalker (Chrono Boost)  
  49  6:33  Zealot (Chrono Boost)  
  49  6:34  Probe  
  49  6:36  Zealot (Chrono Boost)  
  52  6:41  Zealot (Chrono Boost)  
  52  6:44  Probe  
  52  6:46  Probe  
  54  6:49  Zealot (Chrono Boost)  
  54  6:53  Zealot (Chrono Boost)  
  60  6:55  Zealot (Chrono Boost)  
  60  6:56  Probe  
  60  6:58  Probe  
  62  7:02  Twilight Council  
  62  7:06  Zealot  
  62  7:08  Probe  
  65  7:10  Assimilator, Probe  
  65  7:11  Zealot  
  65  7:12  Pylon  
  65  7:15  Zealot (Chrono Boost)  
  70  7:16  Assimilator  
  70  7:20  Probe  
  71  7:23  Forge  
  71  7:31  Pylon  
  71  7:33  Zealot (Chrono Boost)  
  73  7:42  Stalker (Chrono Boost)  
  66  7:44  Charge (Chrono Boost)  
  77  7:48  Zealot (Chrono Boost)  
  77  7:50  Zealot  
  79  7:51  Pylon  
  79  7:53  Probe x3  
  82  8:02  Zealot  
  82  8:03  Protoss Ground Weapons Level 1 (Chrono Boost)  
  82  8:05  Stalker  
  86  8:10  Robotics Facility  
  86  8:14  Photon Cannon, Probe  
  86  8:16  Probe  
  86  8:17  Zealot, Probe  
  86  8:19  Photon Cannon  
  91  8:29  Zealot  
  93  8:41  Probe x2  
  93  8:42  Probe  
  93  8:44  Stalker  
  98  8:51  Zealot  
  98  8:53  Probe  
  98  8:54  Probe x2  
  103  9:05  Assimilator  
  103  9:06  Probe x2  
  103  9:09  Assimilator  
  105  9:13  Pylon  
  105  9:16  Zealot  
  107  9:17  Pylon  
  107  9:18  Zealot  
Show
View Real Time Build Order
Export as new Build Order

samurayx Terran - Winner!

Build Orders: Reaper Expand 

Get SALT Encoding   

  12  0:03  SCV  
  13  0:15  SCV  
  13  0:20  Supply Depot  
  14  0:27  SCV  
  15  0:32  Refinery  
  15  0:41  SCV  
  16  0:45  Barracks  
  16  0:53  SCV  
  17  1:05  SCV  
  18  1:18  SCV  
  19  1:32  Orbital Command  
  19  1:33  Reaper  
  20  1:44  Command Center  
  20  1:55  Refinery  
  20  2:00  SCV  
  21  2:05  Barracks Reactor  
  21  2:15  Factory  
  21  2:16  Supply Depot  
  21  2:24  SCV  
  22  2:36  SCV  
  23  2:48  SCV  
  24  2:56  Orbital Command  
  24  3:00  SCV  
  24  3:07  Bunker  
  24  3:08  Cyclone  
  24  3:09  Cyclone  
  24  3:10  Marine  
  31  3:13  SCV  
  32  3:24  SCV  
  32  3:25  SCV  
  34  3:27  Marine  
  35  3:39  Supply Depot  
  35  3:41  SCV, Cyclone x2  
  41  3:42  SCV  
  43  3:53  SCV  
  43  3:54  SCV  
  45  3:58  Supply Depot  
  45  3:59  Supply Depot  
  45  4:05  SCV  
  45  4:06  SCV  
  48  4:11  Barracks Tech Lab  
  48  4:12  Starport  
  48  4:16  Hellion x2  
  51  4:17  SCV  
  51  4:19  SCV  
  53  4:24  Supply Depot  
  53  4:30  SCV  
  54  4:31  SCV  
  54  4:37  Hellion x2  
  59  4:42  SCV  
  59  4:44  SCV  
  61  4:46  Barracks Tech Lab  
  61  4:54  Command Center, SCV  
  61  4:56  SCV  
  63  5:01  Supply Depot  
  63  5:06  SCV  
  64  5:08  Refinery x2, SCV  
  64  5:10  Raven  
  67  5:18  SCV  
  67  5:20  SCV  
  69  5:23  Factory, Barracks Reactor  
  69  5:25  Factory  
  69  5:30  SCV  
  69  5:32  SCV  
  71  5:42  SCV  
  72  5:44  SCV  
  72  5:45  Engineering Bay  
  72  5:49  Cyclone x2  
  79  5:54  SCV  
  79  5:56  SCV  
  81  6:06  SCV  
  82  6:11  Starport Reactor  
  82  6:18  Cyclone  
  84  6:21  Cyclone  
  84  6:22  Hellion  
  80  6:43  Hellion  
  80  6:45  Infernal Pre-Igniter  
  82  6:48  Factory  
  82  6:50  Hellion  
  82  6:53  Supply Depot  
  82  6:54  Hellion  
  86  6:55  Supply Depot  
  86  6:58  Armory  
  86  7:00  Armory  
  86  7:02  SCV x2  
  86  7:03  Orbital Command  
  86  7:04  Medivac, Hellion  
  86  7:06  Hellion  
  86  7:07  Hellion  
  96  7:11  Missile Turret, Hellion  
  96  7:15  Hellion  
  100  7:16  Missile Turret x2  
  100  7:26  Hellion  
  100  7:28  Hellion x2  
  106  7:31  Hellion  
  106  7:33  Hellion  
  113  7:37  Cyclone  
  113  7:47  Cyclone  
  116  7:53  Orbital Command  
  116  7:57  Supply Depot  
  116  7:58  Supply Depot x2  
  116  7:59  Supply Depot  
  116  8:00  Supply Depot  
  116  8:02  Supply Depot  
  116  8:19  Medivac x2, Hellion x2, Cyclone x2  
  132  8:20  Hellion x2  
  134  8:29  SCV x2  
  134  8:30  SCV  
  137  8:37  Refinery, Missile Turret  
  137  8:41  Missile Turret  
  137  8:44  Refinery  
  137  8:48  Hellion x3  
  143  8:49  Medivac x2  
  147  9:08  Hellion x2  
  147  9:09  Hellion  
  153  9:11  Command Center  
  153  9:12  Command Center  
  153  9:19  Medivac x2  
Tags
 
Add a new tag
Caveats
  • Supply blocks, unpowered buildings, or Contaminate may cause inaccurate times.
  • Supply counts are checked every 10 seconds.